Map: Vestiges de Bel’Shir EC (Void)

Players

defer - Winner!

  • Race: Protoss Protoss
  • League: Silver
  • Spawn Location: 5:00

rvc

  • Race: Zerg Zerg
  • League: Diamond
  • Spawn Location: 11:00

VOD

Have the link to the VOD?

Description

Time

  • Played on: April 10, 2017, 5:45 a.m.
  • Length: 6:08
Show
View Real Time Build Order
Export as new Build Order

defer Protoss - Winner!

Build Orders: Dark Templar Rush 

Get SALT Encoding   

  12  0:00  Probe (Chrono Boost)  
  13  0:11  Probe (Chrono Boost)  
  14  0:17  Pylon  
  14  0:22  Probe (Chrono Boost)  
  16  0:36  Probe (Chrono Boost)  
  16  0:38  Gateway  
  16  0:46  Probe (Chrono Boost)  
  16  0:47  Assimilator  
  17  0:57  Probe (Chrono Boost)  
  18  0:58  Assimilator  
  18  1:07  Probe (Chrono Boost)  
  18  1:11  Gateway  
  19  1:18  Probe (Chrono Boost)  
  20  1:25  Cybernetics Core  
  20  1:28  Probe (Chrono Boost)  
  21  1:34  Pylon  
  22  1:40  Probe (Chrono Boost)  
  22  1:50  Probe (Chrono Boost)  
  22  1:53  Warp Gate  
  23  2:02  Adept x2  
  23  2:06  Forge  
  27  2:15  Twilight Council  
  27  2:38  Protoss Ground Weapons Level 1  
  27  2:45  Pylon  
  27  2:49  Charge  
  27  3:00  Gateway x2  
  27  3:15  Gateway  
  27  3:25  Pylon  
  27  3:32  Dark Shrine  
  27  3:55  Zealot  
  29  3:57  Zealot  
  29  3:58  Zealot x2  
  35  4:14  Zealot  
  35  4:17  Zealot  
  39  4:19  Zealot x2  
  43  4:34  Zealot  
  43  4:35  Zealot  
  45  4:47  Dark Templar  
  47  4:56  Dark Templar  
  41  5:18  Zealot x3  
  41  5:31  Zealot x2  
  41  5:59  Zealot x3  
  41  6:07  Pylon  
  41  6:08  Pylon  
Show
View Real Time Build Order
Export as new Build Order

rvc Zerg 

Build Orders: Hatch First 

Get SALT Encoding   

  12  0:08  Overlord  
  12  0:14  Drone  
  13  0:18  Drone  
  14  0:27  Drone  
  15  0:34  Drone  
  16  0:51  Hatchery  
  16  0:55  Drone  
  16  1:09  Spawning Pool  
  15  1:12  Drone  
  15  1:15  Drone  
  17  1:18  Extractor  
  17  1:21  Drone  
  17  1:25  Drone  
  18  1:35  Overlord  
  18  1:47  Drone  
  19  1:56  Queen  
  19  1:58  Zergling x2  
  22  2:03  Queen  
  22  2:05  Zergling x2  
  25  2:08  Zergling x2  
  25  2:14  Drone  
  27  2:18  Drone  
  27  2:21  Metabolic Boost  
  28  2:35  Zergling x4  
  30  2:40  Roach Warren  
  29  2:47  Queen  
  29  2:49  Drone  
  32  3:00  Drone x4  
  34  3:18  Overlord, Drone  
  35  3:27  Extractor  
  35  3:30  Evolution Chamber  
  35  3:31  Spore Crawler  
  35  3:32  Spore Crawler  
  31  3:35  Queen  
  31  3:36  Drone  
  31  3:37  Drone  
  35  3:42  Drone x2  
  37  3:49  Zergling x2  
  37  3:50  Zergling x2  
  39  4:01  Zerg Ground Armor Level 1  
  39  4:02  Overlord  
  37  4:12  Roach  
  37  4:13  Roach  
  37  4:14  Roach  
  43  4:28  Queen  
  43  4:30  Overlord  
  45  4:32  Roach  
  47  4:43  Roach  
  44  4:48  Zergling x6  
  44  4:49  Zergling x2  
  45  4:57  Roach x2  
  29  5:24  Spore Crawler  
  23  5:29  Roach  
  23  5:30  Roach x3  
  31  5:37  Zergling x4  
  29  5:45  Roach  
Tags
 
Add a new tag
Caveats
  • Supply blocks, unpowered buildings, or Contaminate may cause inaccurate times.
  • Supply counts are checked every 10 seconds.